cohdb
Replays
Latest Replays
All Replays
Popular Replays
Top Player Replays
Match Explorer
How It Works
Community
CoH3 Stats
Reddit
Sign in to upload your games and track your stats! →
Sign in with Steam
Match 39178788
Unlisted
Match 39178788
Overview
Messages
Build Orders
End
Vickers Machine Gun Team
Construct Section Command Post
Selects Heavy Armor Battlegroup
Infantry Section
ML 3-inch Mortar Team
Construct Platoon Command Post
Unlock Bishop Self-propelled Artillery
6-pounder Anti-tank Gun Team
6-pounder Anti-tank Gun Team
Selects Light Vehicle Withdraw and Refit
Bishop Self-propelled Artillery
6-pounder Anti-tank Gun Team
Infantry Section
Grenade Package
Selects Radio Net
Selects Engineer Detachments
khj
스팀계정족같네
Honey
Zebra
0
0
Comments
sign in to comment!
No comments posted yet!